 Dungeon Crawl Stone Soup version 0.18-a0-312-g61bb5a5 (webtiles) character file.

210 Ordine the Ruffian (level 5, 33/33 HPs)
             Began as a Tengu Berserker on Nov 27, 2015.
             Was a Believer of Trog.
             Quit the game on level 3 of the Dungeon.
             The game lasted 00:04:47 (1703 turns).

Ordine the Ruffian (Tengu Berserker)                Turns: 1703, Time: 00:04:47

Health: 33/33      AC:  4    Str: 17    XL:     5   Next: 88%
Magic:  6/6        EV: 12    Int:  7    God:    Trog [**....]
Gold:   115        SH:  0    Dex: 15    Spells: 0 memorised, 4 levels left

rFire  . . .     SeeInvis .       - Unarmed
rCold  . . .     Clarity  .     f - +2 robe {MR+}
rNeg   . . .     SustAt   .     (no shield)
rPois  .         Gourm    .     (helmet restricted)
rElec  .         Spirit   .     (no cloak)
rCorr  .         Warding  .     (no gloves)
rMut   .         Stasis   .     (boots unavailable)
MR     +....                    (no amulet)
Stlth  ++........               (no ring)
                                (no ring)

@: somewhat resistant to hostile enchantments, unstealthy
A: beak, talons 3, able to fly 1
a: Fly, Berserk, Trog's Hand, Burn Spellbooks, Renounce Religion


You were on level 3 of the Dungeon.
You worshipped Trog.
Trog was pleased with you.
You were not hungry.

You visited 1 branch of the dungeon, and saw 3 of its levels.

You collected 115 gold pieces.

Inventory:

Armour
 f - a +2 robe of magic resistance (worn)
 m - a +0 buckler
Scrolls
 i - a scroll of magic mapping
 j - a scroll of amnesia {unknown}
Potions
 a - a potion of might {unknown}
 d - a potion of curing
 e - a potion of cancellation
 h - a potion of heal wounds
 l - a potion of flight {unknown}
Comestibles
 b - 4 bread rations
 c - a royal jelly
 g - a meat ration
 k - 5 chunks of flesh


   Skills:
 + Level 4.2 Fighting
 - Level 2.1 Armour
 - Level 2.1 Dodging
 - Level 0.4 Stealth
 + Level 6.0 Unarmed Combat


You had 4 spell levels left.
You didn't know any spells.

Dungeon Overview and Level Annotations

Branches:
Dungeon (3/15)

Altars:
Cheibriados
Kikubaaqudgha
Qazlal
Ru


Innate Abilities, Weirdness & Mutations

You have a beak for a mouth.
You have claws for feet.
You can fly.


Message History

l - a fizzy golden potion
Found a snail-covered altar of Cheibriados.
Found an ancient bone altar of Kikubaaqudgha and a stormy altar of Qazlal.
Done exploring.
Done exploring.
Done exploring.
There is a stone staircase leading down here.
Done exploring.
Done exploring.
Done exploring.
You climb downwards.
Found 2 throwing nets.
There is a stone staircase leading up here.
You see here 2 throwing nets.
Found a buckler.
You see here a buckler.
m - a buckler Quiver which item? (- for none, * to show all) (? for menu, Esc to quit)
Okay, then.
Are you sure you want to abandon this character and quit the game? (Confirm with "yes".)

###.# ##.#.#
####....#########
+........<.......
###....#########
#..(.# #.#..#
#.#..# #@#..#
#....# ###.## #.#
#.#


There were no monsters in sight!

Vanquished Creatures
  Sigmund (D:2)
  Terence (D:2)
  3 giant geckos
  8 bats
  A giant cockroach (D:1)
  2 hobgoblins (D:2)
  2 giant newts (D:1)
  6 goblins
  6 rats
30 creatures vanquished.

Notes
Turn   | Place    | Note
--------------------------------------------------------------
     0 | D:1      | Ordine the Tengu Berserker began the quest for the Orb.
     0 | D:1      | Reached XP level 1. HP: 14/14 MP: 2/2
    71 | D:1      | Reached XP level 2. HP: 13/19 MP: 3/3
  1034 | D:2      | Reached skill level 4 in Unarmed Combat
  1099 | D:2      | Reached ** piety under Trog
  1117 | D:2      | Noticed Sigmund
  1129 | D:2      | Killed Sigmund
  1129 | D:2      | Reached skill level 5 in Unarmed Combat
  1129 | D:2      | Reached XP level 3. HP: 21/24 MP: 4/4
  1129 | D:2      | Reached XP level 4. HP: 25/29 MP: 5/5
  1129 | D:2      | Gained mutation: You can fly. [Tengu growth]
  1129 | D:2      | Reached XP level 5. HP: 28/33 MP: 6/6
  1371 | D:2      | Found a sacrificial altar of Ru.
  1416 | D:2      | Noticed Terence
  1424 | D:2      | Killed Terence
  1590 | D:2      | Reached skill level 6 in Unarmed Combat
  1639 | D:2      | Found a snail-covered altar of Cheibriados.
  1641 | D:2      | Found an ancient bone altar of Kikubaaqudgha.
  1641 | D:2      | Found a stormy altar of Qazlal.
  1703 | D:3      | Quit the game

Vault maps used:
D:1:      dpeg_arrival_signposts
D:2:      nicolae_ru_path_of_blood, minitemple, uniq_terence, uniq_sigmund
D:3:      minmay_misc_feat_more_columns

Action                   |  1- 3 |  4- 6 || total
-------------------------+-------+-------++-------
Melee: Unarmed           |    64 |    20 ||    84
Invok: Berserk           |     1 |       ||     1
  Use: Scroll            |     7 |     4 ||    11
 Stab: Sleeping          |     1 |     1 ||     2
  Eat: Chunk             |     1 |     2 ||     3
